 Dungeon Crawl Stone Soup version 0.25.1-2-g60ff931df9 (webtiles) character file.

Game seed: 15949764859923049700

119 nikku the Sneak (level 5, 0/36 HPs)
             Began as an Octopode Assassin on Nov 18, 2020.
             Killed from afar by an orc wizard (4 damage)
             ... with a puff of frost
             ... on level 3 of the Dungeon.
             The game lasted 00:05:36 (2219 turns).

nikku the Sneak (Octopode Assassin)                 Turns: 2219, Time: 00:05:37

Health: 0/36       AC:  1    Str: 11    XL:     5   Next: 3%
Magic:  5/5        EV: 13    Int: 13    God:
Gold:   113        SH:  0    Dex: 14    Spells: 4/4 levels left

rFire    . . .     SeeInvis .   a - +3 dagger
rCold    . . .     Gourm    .   (no shield)
rNeg     . . .     Faith    .   (helmet restricted)
rPois    +         Spirit   .   (no amulet)
rElec    .         Reflect  .   k - ring of poison resistance
rCorr    .         Harm     .   (no ring)
MR       .....                  (no ring)
Stlth    ++++......             (no ring)
HPRegen  0.12/turn              (no ring)
MPRegen  0.09/turn              (no ring)
                                (no ring)
                                (no ring)

@: no status effects
A: almost no armour, stealthy swim, amphibious, 8 rings, constrict 8, camouflage
1, gelatinous body 1
a: no special abilities


You were on level 3 of the Dungeon.
You were not hungry.

You visited 1 branch of the dungeon, and saw 3 of its levels.

You collected 113 gold pieces.

Inventory:

Hand Weapons
 a - a +3 dagger (weapon)
Missiles
 b - a poisoned dart (quivered)
 c - a curare-tipped dart
Jewellery
 k - a ring of poison resistance (left tentacle)
Wands
 l - a wand of iceblast (14)
Scrolls
 h - a scroll of identify
 m - a scroll of teleportation {unknown}
Potions
 e - a potion of flight {unknown}
 f - a potion of invisibility
 g - a potion of mutation {unknown}
 i - a potion of curing {unknown}
 j - a potion of haste {unknown}
Comestibles
 d - 3 rations


   Skills:
 + Level 2.8 Fighting
 + Level 2.8 Short Blades
 + Level 2.8 Throwing
 + Level 2.2 Dodging
 + Level 6.0 Stealth


You had 4 spell levels left.
You didn't know any spells.
Your spell library was empty.

Dungeon Overview and Level Annotations

Branches:
Dungeon (3/15)

Altars:


Innate Abilities, Weirdness & Mutations

You cannot wear most types of armour.
You are very stealthy in the water. (Stealth+)
You are amphibious.
You can wear up to eight rings at the same time.
You can use your tentacles to constrict eight enemies at once.
Your skin changes colour to match your surroundings (Stealth+).
Your rubbery body absorbs attacks. (AC +1, EV +1)


Message History

You hear some strange, mumbled words.
A puff of frost appears from out of thin air!
The puff of frost hits you.
Throwing (i - inventory. (/) - cycle)
b - 2 poisoned darts (quivered)
Press: ? - help, Shift-Dir - straight line, f - gnoll
Aim: a gnoll, wielding a +0 flail You throw a poisoned dart.
The poisoned dart hits the gnoll.
The gnoll is poisoned.
You hear some strange, mumbled words.
A puff of frost appears from out of thin air!
The puff of frost hits you!
* * * LOW HITPOINT WARNING * * *
The gnoll looks more healthy.
A puff of frost appears from out of thin air!
The puff of frost misses you.
An orc wizard appears from thin air!
Reactivating autopickup.
The orc wizard casts a spell at you. The puff of frost hits you.
You die...

#####...........
#..............#
#.............>#
#..............# #
#..............#.#
#................#
#..............#
#####...........<..#
#o.go...@..........#
#.#########+#......#
#.# ###.##.# #o# #.#
.# #######g# ..# ..
#..g{...# ### #.
#o####### .# #.# #†#


You could see an orc wizard, a gnoll and an orc.

Vanquished Creatures
  Robin (D:2)
  2 gnolls (D:3)
  2 adders (D:2)
  2 oozes (D:2)
  3 worms (D:2)
  2 leopard geckos (D:2)
  A giant cockroach (D:2)
  5 hobgoblins
  4 jackals
  A quokka (D:2)
  2 bats
  5 frilled lizards (D:2)
  16 goblins
  2 kobolds (D:2)
  4 rats
52 creatures vanquished.

Vanquished Creatures (others)
  4 toadstools (D:1)
4 creatures vanquished.

Grand Total: 56 creatures vanquished

Notes
Turn   | Place    | Note
-------+----------+-------------------------------------------
     0 | D:1      | nikku the Octopode Assassin began the quest for the Orb.
     0 | D:1      | Reached XP level 1. HP: 14/14 MP: 1/1
    82 | D:1      | Reached XP level 2. HP: 13/19 MP: 2/2
   848 | D:2      | Reached XP level 3. HP: 14/24 MP: 3/3
  1214 | D:2      | Noticed Robin
  1233 | D:2      | Killed Robin
  1387 | D:2      | Reached XP level 4. HP: 23/30 MP: 4/4
  1902 | D:2      | Reached skill level 6 in Stealth
  2201 | D:3      | Reached XP level 5. HP: 20/36 MP: 5/5
  2219 | D:3      | Killed from afar by an orc wizard

Illustrated notes

Levels and vault maps discovered:
D:1:      ldierk_water_garden, layout_loops_ring, minmay_box_of_dots
D:2:      layout_basic, uniq_robin
D:3:      layout_basic, grunt_temple_overflow_open, lemuel_blue_sif_altar,
          minmay_cut_off

Skill      XL: |  1  2  3  4 |
---------------+-------------+-----
Dodging        | 2 |  2.2
Stealth        | 6 |  6.0
Fighting       | |  2.8
Short Blades   | |  2.8
Throwing       | |  2.8

Action                   |  1- 3 |  4- 6 || total
-------------------------+-------+-------++-------
Melee: Dagger            |    51 |    44 ||    95
       Constrict         |    14 |    10 ||    24
       Tentacles         |     6 |     4 ||    10
Throw: Dart              |    18 |     6 ||    24
  Use: Scroll            |     4 |       ||     4
 Stab: Sleeping          |     8 |     2 ||    10
  Eat: Chunk             |     1 |     3 ||     4
Armor: Skin              |     3 |     2 ||     5
Dodge: Dodged            |    20 |    18 ||    38
